Construct Section Command Post
Selects Heavy Armor Battlegroup
Construct Platoon Command Post
Selects Rigorous Vehicle Training
Construct Company Command Post
6-pounder Anti-tank Gun Team
Selects Forward Repair Assembly
6-pounder Anti-tank Gun Team
Selects Churchill Black Prince Heavy Tank
Churchill Black Prince Heavy Tank
Selects Light Vehicle Withdraw and Refit
Unlock Towed 17-pounder Anti-tank Guns
17-pounder Anti-tank Gun Team
17-pounder Anti-tank Gun Team